AoeStats
← a.arias.age

Migration

509736900Analyzed
1v1 RM · 4d ago on Sep 27, 2026· 82m 39s· 2 players
Game mode
Random Map
Map size
132×132
Population
200
Speed
Normal
Resources
Standard
Victory
Conquest
Starting age
Dark Age
Ending age
Imperial Age
RankedLock teamsTeams togetherTeam positionsShared explorationLock speedFull tech treeHidden civsTurbo modeCheats
Victory
Defeat
🇪🇸 Varangians · Spain
1075
+15
🇨🇦 Persians · Canada
1046
-15
CaptainRedhair
9:37 Loom
11:48 Feudal Age
16:07 Wheelbarrow
17:49 Fletching
18:37 Scale Barding Armor
21:07 Castle Age
19:05 Gold Mining
21:48 Medium Warships
21:36 Bodkin Arrow
24:09 Bloodlines
24:21 Chain Barding Armor
24:48 Forging
32:51 Stone Mining
37:35 Iron Casting
41:27 Imperial Age
39:42 Clinker Construction
39:44 Careening
40:36 Ballistics
40:28 Masonry
40:35 Husbandry
44:53 Chemistry
44:23 Architecture
44:42 Hand Cart
45:31 Heavy Warships
47:01 Hoardings
50:19 Plate Barding Armor
51:25 Citadels
52:20 Cavalier
53:00 Husbandry
55:45 Savar
63:02 Horse Collar
74:07 Demolition Ship
a.arias.age
7:44 Loom
10:01 Feudal Age
19:36 Castle Age
19:08 Gold Mining
19:29 Stone Mining
20:59 Medium Warships
21:12 Medium Warships
22:31 Double-Bit Axe
22:39 Fishing Lines
33:28 Wheelbarrow
34:28 Scale Mail Armor
35:47 Forging
35:31 Fletching
36:04 Ballistics
36:09 Hand Cart
36:37 Forging
37:52 Stone Shaft Mining
38:24 Iron Casting
38:21 Bow Saw
38:46 Chain Mail Armor
41:19 Bodkin Arrow
44:04 Imperial Age
44:17 Elite Varangian Guard
45:21 Heated Shot
48:51 Conscription
49:15 Gothikon
51:14 Chemistry
52:52 Blast Furnace
52:13 Arson
52:40 Squires
55:42 Plate Mail Armor
57:43 Siphons
57:49 Careening
59:26 Light Cavalry
60:16 Bloodlines
60:45 Heavy Warships
63:27 Dry Dock
64:27 Shipwright
64:18 Clinker Construction
66:27 Two-Man Saw
67:47 Pikeman
72:06 Pikeman
73:16 Halberdier
77:26 Town Watch
82:59 Town Patrol
Connection lost

Rejoining the realm…

Still unreachable

The connection could not be restored.

Session expired

The server has moved on; the page needs a fresh start.